 Dungeon Crawl Stone Soup version 0.25.1-2-g60ff931df9 (webtiles) character file.

Game seed: 3200293780464246547

134130 DildoBatman the Earth Mage (level 17, 0/166 HPs)
             Began as a Formicid Wizard on Nov 2, 2020.
             Was an Initiate of Gozag.
             Slain by an Ice Fiend (48 damage)
             ... in an ice cave on Nov 3, 2020.
             The game lasted 02:15:47 (29172 turns).

DildoBatman the Earth Mage (Formicid Wizard)       Turns: 29172, Time: 02:15:47

Health: 0/166      AC: 36    Str: 17    XL:     17   Next: 74%
Magic:  18/33      EV: 13    Int: 40    God:    Gozag
Gold:   3063       SH: 26    Dex:  6    Spells: 14/40 levels left

rFire    . . .     SeeInvis +   c - +1 arbalest "Gamircho" {vorpal, Str+4 Int+4 Dex-3}
rCold    . . .     Gourm    .   K - +8 tower shield {AC+3}
rNeg     + . .     Faith    .   (armour currently unavailable)
rPois    ∞         Spirit   .   (helmet unavailable)
rElec    +         Reflect  .   I - +2 cloak
rCorr    .         Harm     .   (gloves currently unavailable)
MR       +....                  (boots currently unavailable)
Stlth    +.........             n - amulet of the acrobat
HPRegen  0.37/turn              s - +6 ring of intelligence
MPRegen  0.23/turn              S - +6 ring of intelligence

@: statue-form, gold aura, lightly drained, very slow
A: permanent stasis, dig shafts and tunnels, four strong arms, antennae 3
a: Dig, Shaft Self, End Transformation, Potion Petition, Call Merchant, Bribe
Branch, Renounce Religion


You were in an ice cave.
You worshipped Gozag.
Gozag was most pleased with you.
You were not hungry.
You were a stone statue.
You visited 5 branches of the dungeon, and saw 26 of its levels.
You also visited: Sewer, Ossuary and Ice Cave.

You collected 4448 gold pieces.
You spent 316 gold pieces at shops.
You paid 1069 gold pieces to Gozag.

Inventory:

Hand Weapons
 a - a +2 halberd of protection
 c - the +1 arbalest "Gamircho" (weapon) {vorpal, Str+4 Int+4 Dex-3}
   (You found it on level 10 of the Dungeon)

   Any bolt fired from it inflicts extra damage.
   It affects your strength (+4).
   It affects your intelligence (+4).
   It affects your dexterity (-3).
 d - a +2 scimitar of flaming
Missiles
 h - 221 bolts (quivered)
 y - 722 arrows
 A - 17 silver javelins
 V - 77 sling bullets
Armour
 o - a +4 troll leather armour (melded)
 H - a +0 pair of boots (melded)
 I - a +2 cloak (worn)
 K - a +8 tower shield of protection (worn)
 Q - the +1 pair of gloves of Leaves (melded) {Stlth+}
   (You bought it in a shop on level 2 of the Orcish Mines)

   It makes you more stealthy.
Magical Staves
 B - an uncursed staff of death
 Y - an uncursed staff of poison
Jewellery
 f - an uncursed ring of ice
 i - an uncursed ring of magical power {unknown}
 k - a +6 ring of dexterity
 n - an amulet of the acrobat (around neck)
 s - a +6 ring of intelligence (left hand)
 G - a +6 ring of dexterity
 S - a +6 ring of intelligence (right hand)
 X - an uncursed ring of fire
Wands
 j - a wand of disintegration (53)
 t - a wand of paralysis (20)
 w - a wand of acid (7)
 F - a wand of clouds (3)
 L - a wand of iceblast (25)
Scrolls
 b - a scroll of identify
 l - 4 scrolls of fog
 u - 5 scrolls of immolation
 x - 14 scrolls of remove curse
 C - 2 scrolls of magic mapping
 E - 3 scrolls of amnesia
 Z - 3 scrolls of fear
Potions
 e - 24 potions of curing
 g - 4 potions of flight
 m - 2 potions of ambrosia
 p - 2 potions of might
 q - a potion of berserk rage {unknown}
 r - a potion of brilliance
 z - a potion of mutation {unknown}
 D - a potion of cancellation
 J - 3 potions of invisibility
 M - 9 potions of heal wounds
 P - 3 potions of lignification
 T - 2 potions of magic
Miscellaneous
 W - a lightning rod (4/4)
Comestibles
 v - 32 rations


   Skills:
 - Level 10.0(9.3) Fighting
 - Level 10.0(9.3) Armour
 - Level 7.0(6.4) Dodging
 - Level 2.4(1.9) Stealth
 - Level 15.0(14.3) Shields
 * Level 12.3(11.7) Spellcasting
 - Level 4.0(3.4) Conjurations
   Level 1.0(0.5) Summonings
 - Level 9.0(8.4) Necromancy
   Level 0.8(0.3) Translocations
 - Level 8.0(7.4) Transmutations
 - Level 5.0(4.4) Fire Magic
 - Level 4.0(3.4) Air Magic
 * Level 16.7(16.0) Earth Magic
 - Level 3.0(2.4) Poison Magic


You had 14 spell levels left.
You knew the following spells:

 Your Spells              Type           Power        Failure   Level  Hunger
a - Conjure Flame         Conj/Fire      ######..     1%          3    None
b - Borgnjor's Vile Clut  Necr/Erth      #######...   1%          5    None
d - Vampiric Draining     Necr           ######....   1%          3    None
e - Mephitic Cloud        Conj/Pois/Air  #####...     1%          3    None
f - Statue Form           Tmut/Erth      #######..    2%          6    ###....
h - Dispel Undead         Necr           ######..     1%          4    None
z - Sublimation of Blood  Necr           ######....   1%          2    None

Your spell library contained the following spells:

 Spells                   Type           Power        Failure   Level  Hunger
 Animate Skeleton         Necr           N/A          1%          1    None
 Corona                   Hex            ###....      1%          1    None
 Magic Dart               Conj           ####         1%          1    None
 Pain                     Necr           ####         1%          1    None
 Summon Small Mammal      Summ           ####         1%          1    None
 Call Imp                 Summ           ####....     1%          2    None
 Inner Flame              Hex/Fire       #####...     1%          3    None
 Animate Dead             Necr           N/A          1%          4    None
 Leda's Liquefaction      Hex/Erth       ######....   1%          4    None
 Agony                    Necr           ######..     1%          5    None
 Ensorcelled Hibernation  Hex/Ice        ###...       2%          2    None
 Slow                     Hex            ###.....     2%          2    None
 Dazzling Flash           Conj/Hex       #####.       2%          3    None
 Call Canine Familiar     Summ           ####....     4%          3    None
 Confusing Touch          Hex            ###.....     4%          3    None
 Portal Projectile        Hex/Tloc       ####..       4%          3    None
 Summon Guardian Golem    Hex/Summ       ####....     4%          3    None
 Tukima's Dance           Hex            ###.....     4%          3    None
 Irradiate                Conj/Tmut      ######....   4%          5    None
 Summon Lightning Spire   Summ/Air       #####...     8%          4    None
 Death Channel            Necr           ######....   9%          6    ###....
 Hydra Form               Tmut           ######....   12%         6    ###....
 Summon Ice Beast         Ice/Summ       ####....     16%         4    None
 Cause Fear               Hex            ###.......   17%         4    None
 Silence                  Hex/Air        #####.....   22%         5    None
 Starburst                Conj/Fire      ######....   45%         6    ###....
 Conjure Ball Lightning   Conj/Air       ######....   54%         6    ###....
 Dragon Form              Tmut           ######....   56%         7    #####..
 Shadow Creatures         Summ           N/A          91%         6    ###....
 Haunt                    Necr/Summ      ######....   93%         7    #####..
 Darkness                 Hex            ###.......   95%         6    ###....
 Borgnjor's Revivificati  Necr           ######....   98%         8    ######.
 Infestation              Necr           ######....   98%         8    ######.
 Spellforged Servitor     Conj/Summ      #####.....   99%         7    #####..
 Necromutation            Tmut/Necr      ######....   99%         8    ######.
 Death's Door             Chrm/Necr      ######....   100%        8    ######.
 Blink                    Tloc           Unusable     N/A         2    N/A

Dungeon Overview and Level Annotations

Branches:
Dungeon (15/15)            Temple (1/1) D:6            Lair (6/6) D:10
  Swamp (0/4) Lair:3       Spider (2/4) Lair:3        Slime (0/5) Lair:5
    Orc (2/2) D:9             Elf (0/3) Orc:2        Vaults (0/5) D:13
 Depths (0/5) D:15          Sewer (visited)         Ossuary (visited)
  IceCv (1/1)

Altars:
Ashenzari
Cheibriados
Dithmenos
Elyvilon
Fedhas
Gozag
Hepliaklqana
Kikubaaqudgha
Makhleb
Nemelex Xobeh
Okawaru
Qazlal
Ru
Sif Muna
Trog
Uskayaw
Vehumet
Wu Jian
Xom
Yredelemnul
Zin
The Shining One
Jiyva

Shops:
D:5 (   D:7 %   D:9 [   D:12 }:}   Orc:2 %*[%

Portals:
Trove: D:12 (give 5 scrolls of fear)


Innate Abilities, Weirdness & Mutations

You cannot be hasted, slowed, berserked, paralysed or teleported.
You can dig through walls and to a lower floor.
Your four strong arms can wield two-handed weapons with a shield.
You have a pair of large antennae on your head. (SInv)


Message History

The +1 pair of gloves of Leaves {Stlth+} melds into your body.
Your +0 pair of boots melds into your body.
Your +4 troll leather armour melds into your body.
Your +2 halberd of protection goes still.
You feel stronger.
You feel clever.
You feel clumsy.
c - the +1 arbalest "Gamircho" (weapon)
{vorpal, Str+4 Int+4 Dex-3}
Casting: Statue Form (mildly dangerous; 2% risk of failure)
Confirm with . or Enter, or press ? or * to list all spells.
Aiming: Borgnjor's Vile Clutch (mildly dangerous; 1% risk of failure)
Press: ? - help, Shift-Dir - straight line, f - Ice Fiend
Aim: an Ice Fiend Zombie hands grab the Ice Fiend.
The zombie hands constrict the Ice Fiend!
You block the Ice Fiend's attack. The Ice Fiend claws you.
The Ice Fiend freezes you!!!
You die...
Your body crumbles into a pile of gold.

##.##.#
#..#..#
##.##.##
#..#.##
###
#.###.#
##.##
##.##.#
##...#
#.#.##
##..#.#
##...#
#...#8##
#.#.#
##..#1#.#
###.##
##...###.#
##.#
#...###..#
##.#
##.$##
#..# #..#
#...# #.##
#.## $
#...#
#..## #.##
##1.##
##..# ##.#
#..#####
#..# ##.#


You could see an Ice Fiend (clutched).

Vanquished Creatures
  A lich (D:12)
  Rupert (D:13)
  The ghost of kalagan the Warrior, an adept GrFi of the Shining One (Spider:1)
  The ghost of Cykl0x the Carver, an adept FoFi of the Shining One (Lair:2)
  An orc warlord (Orc:1)
  2 entropy weavers (Spider:1)
  A minotaur (Lair:2)
  3 ettins
  The ghost of DungeonDestroyer the Blocker, a journeyman GnFi of Okawaru (D:12)
  Fannar (D:12)
  2 yaktaur captains (D:12)
  A rakshasa (D:13)
  9 hydras
  The ghost of Cykl0x the Carver, a journeyman FoFi of the Shining One (D:10)
  A catoblepas (Lair:6)
  5 centaur warriors
  12 two-headed ogres
  3 ogre magi
  A deep troll shaman (Lair:6)
  2 tengu warriors
  A queen ant (Spider:1)
  5 death yaks (Lair:6)
  Urug (D:13)
  A spectral emperor scorpion (Spider:1)
  2 skeletal warriors (D:12)
  A spectral ghost moth (Spider:1)
  3 unseen horrors
  An entropy weaver zombie (Spider:2)
  3 deep trolls
  A ghost moth zombie (Spider:2)
  An anaconda skeleton (Lair:6)
  A necromancer (D:12)
  3 wolf spider zombies
  A spectral wolf spider (Spider:1)
  6 wolf spiders
  6 oklob plants
  8 orb spiders
  2 orc sorcerers (Orc:2)
  4 manticores
  7 ugly things
  3 cyclopes
  A moth of wrath (D:10)
  An ice statue (IceCv)
  6 black mambas
  4 elephants (Lair:6)
  A gargoyle (D:10)
  2 torpor snails
  15 spiny frogs
  2 kobold demonologists (D:15)
  2 efreet (D:15)
  A spectral redback (Spider:1)
  2 redback zombies
  2 rime drakes
  9 komodo dragons
  3 freezing wraiths (IceCv)
  6 anaconda simulacra (IceCv)
  7 demonic crawlers
  An entropy weaver simulacrum (Spider:1)
  3 ice devils (IceCv)
  A hornet (Spider:1)
  A jumping spider (shapeshifter) (D:15)
  20 jumping spiders
  13 trolls
  A meliai (D:10)
  4 polar bears
  A wolf spider simulacrum (Spider:1)
  5 slime creatures
  2 spectral jumping spiders (Spider:1)
  5 tarantella zombies
  6 hippogriffs
  A spectral tarantella (Spider:1)
  10 blink frogs
  A jumping spider zombie (Spider:1)
  A hydra skeleton (Lair:6)
  4 dream sheep (Lair:6)
  A meliai zombie (D:13)
  The ghost of groda1 the Chiller, an amateur DEIE (D:4)
  2 shadows
  16 redbacks
  A dire elephant simulacrum (IceCv)
  2 vampires (D:12)
  5 tarantellas (Spider:1)
  38 yaks
  6 wyverns
  3 basilisks
  A yak (shapeshifter) (D:14)
  4 hogs (D:7)
  4 wraiths
  3 hungry ghosts
  17 humans
  A spectral orb spider (Spider:1)
  4 vampire mosquitoes
  5 harpy simulacra (IceCv)
  A redback simulacrum (D:12)
  2 wargs
  17 water moccasins
  2 acid dragons (D:14)
  A hydra simulacrum (IceCv)
  Menkaure (D:5)
  2 soldier ants
  8 porcupines
  24 orc warriors
  A meliai simulacrum (Spider:1)
  2 ettin simulacra (IceCv)
  A jumping spider simulacrum (Spider:1)
  3 ice beasts
  2 black bears
  A manticore zombie (D:12)
  9 sky beasts
  An eye of draining (D:12)
  5 phantoms
  4 necrophages
  30 ogres
  A dream sheep skeleton (Lair:6)
  13 crocodiles
  21 centaurs
  12 wolves
  A torpor snail zombie (Spider:1)
  5 big kobolds
  5 rime drake skeletons (IceCv)
  13 bullfrogs
  A wyvern zombie (D:9)
  A gnoll sergeant (Orc:1)
  An elf skeleton (D:14)
  12 scorpions
  A water moccasin skeleton (Lair:6)
  A wyvern skeleton (D:15)
  A swamp dragon simulacrum (IceCv)
  20 killer bees
  3 jellies
  5 wights (D:14)
  3 electric eels
  2 polar bear skeletons (IceCv)
  7 howler monkeys
  4 centaur zombies
  10 crimson imps
  2 quasits
  5 draconian simulacra (IceCv)
  6 hounds
  20 orc wizards
  4 human zombies
  12 orc priests
  4 centaur skeletons
  3 bullfrog skeletons
  4 iguanas
  3 hell rats (D:8)
  3 polar bear simulacra (IceCv)
  22 worker ants
  A killer bee zombie (D:7)
  2 spriggan simulacra (IceCv)
  2 centaur simulacra
  2 hound zombies
  4 mummies
  A howler monkey zombie (D:9)
  A howler monkey skeleton (D:10)
  14 adders
  8 gnolls
  4 naga simulacra (IceCv)
  4 scorpion zombies (Ossuary)
  7 river rats
  7 shadow imps
  8 white imps (IceCv)
  7 ufetubi (IceCv)
  An adder zombie (D:5)
  3 worms
  3 leopard geckos
  76 orcs
  3 bats
  4 giant cockroaches
  10 goblins
  4 hobgoblins
  2 jackals
  23 kobolds
  9 quokkas
  6 frilled lizards
  2 giant cockroach zombies
  4 gnoll zombies (Ossuary)
  6 goblin zombies (Ossuary)
  3 hobgoblin zombies (Ossuary)
  2 jackal skeletons
  3 kobold zombies
  3 leopard gecko skeletons (D:4)
  A leopard gecko zombie (D:7)
  An orc skeleton (D:14)
  4 orc zombies
  3 quokka zombies
  30 rats
  20 plants
1015 creatures vanquished.

Vanquished Creatures (collateral kills)
  A killer bee (D:9)
  An orc (D:8)
2 creatures vanquished.

Vanquished Creatures (others)
  A tengu conjurer (D:15)
  A scorpion (Ossuary)
  2 electric eels (D:8)
  An orc priest (D:8)
  An orc (Orc:2)
  A goblin zombie (Ossuary)
  A bush (Lair:6)
  6 fungi
  11 plants
25 creatures vanquished.

Grand Total: 1042 creatures vanquished

Notes
Turn   | Place    | Note
-------+----------+-------------------------------------------
     0 | D:1      | DildoBatman the Formicid Wizard began the quest for the
                  | Orb.
     0 | D:1      | Reached XP level 1. HP: 13/13 MP: 4/4
    24 | D:1      | Reached skill level 1 in Conjurations
   303 | D:1      | Reached XP level 2. HP: 10/19 MP: 0/6
   704 | D:2      | Found a hazy altar of Hepliaklqana.
   839 | D:2      | Reached XP level 3. HP: 24/24 MP: 4/7
  1125 | D:2      | Noticed a scorpion
  1666 | D:3      | Noticed a phantom
  1898 | D:3      | Learned a level 3 spell: Conjure Flame
  1902 | D:3      | Learned a level 3 spell: Mephitic Cloud
  1954 | D:3      | Reached XP level 4. HP: 30/30 MP: 4/8
  2068 | D:3      | Found a shimmering blue altar of Sif Muna.
  2515 | D:3      | Reached XP level 5. HP: 35/35 MP: 0/9
  2743 | D:3      | Reached skill level 1 in Poison Magic
  2867 | D:4      | Found a transporter.
  2868 | D:4      | Noticed an ogre
  2868 | D:4      | Noticed an ogre
  2868 | D:4      | Noticed groda1's ghost (amateur DEIE)
  2878 | D:4      | Found a transporter.
  2927 | D:4      | Found a glowing silver altar of Zin.
  2954 | D:4      | Reached skill level 1 in Fire Magic
  2954 | D:4      | Reached skill level 1 in Air Magic
  2963 | D:4      | Reached XP level 6. HP: 26/41 MP: 4/10
  3043 | D:4      | Noticed a phantom
  3230 | D:4      | Found a glowing golden altar of the Shining One.
  3234 | D:4      | Found a glowing drain.
  3267 | Sewer    | Entered a sewer
  3584 | Sewer    | Found a white marble altar of Elyvilon.
  3694 | D:4      | Reached XP level 7. HP: 36/46 MP: 4/11
  3959 | D:5      | Entered Level 5 of the Dungeon
  4216 | D:5      | Found a sparkling altar of Nemelex Xobeh.
  4761 | D:5      | Reached skill level 1 in Fighting
  4761 | D:5      | Reached skill level 1 in Armour
  4806 | D:5      | Reached XP level 8. HP: 54/54 MP: 2/12
  4943 | D:5      | Found Xahin's Antique Weapon Boutique.
  5002 | D:5      | Noticed Menkaure
  5321 | D:6      | Found a bloodstained altar of Trog.
  6353 | D:6      | Found a staircase to the Ecumenical Temple.
  6362 | Temple   | Entered the Ecumenical Temple
  6449 | Temple   | Became a worshipper of Kikubaaqudgha
  6602 | D:5      | Reached XP level 9. HP: 47/65 MP: 3/14
  6678 | D:5      | Killed Menkaure
  7286 | D:6      | Noticed a cyclops
  7739 | D:7      | Found Qeebiluag's Food Shop.
  7747 | D:7      | Reached skill level 5 in Fighting
  7747 | D:7      | Reached skill level 5 in Armour
  7943 | D:7      | Reached * piety under Kikubaaqudgha
  7943 | D:7      | Identified Kikubaaqudgha's Catalogue of Necromancy
                  | (Kikubaaqudgha gifted it to you on level 7 of the Dungeon)
  7943 | D:7      | Received a gift from Kikubaaqudgha
  8148 | D:7      | Noticed a troll
  8174 | D:7      | Killed a troll
  8174 | D:7      | Reached skill level 5 in Dodging
  8174 | D:7      | Reached skill level 1 in Necromancy
  8174 | D:7      | Reached skill level 5 in Fire Magic
  8174 | D:7      | Reached XP level 10. HP: 9/74 MP: 10/16
  8729 | D:7      | Found a snail-covered altar of Cheibriados.
  8737 | D:7      | Found an iron altar of Okawaru.
  8878 | D:7      | Reached skill level 5 in Spellcasting
  8889 | D:7      | Learned a level 2 spell: Sublimation of Blood
  8893 | D:7      | Learned a level 3 spell: Vampiric Draining
  9130 | D:8      | Noticed a two-headed ogre
  9179 | D:8      | Noticed a two-headed ogre
  9207 | D:8      | Killed a two-headed ogre
  9231 | D:8      | Found a sand-covered staircase.
  9271 | Ossuary  | Entered an ossuary
  9445 | Ossuary  | Reached ** piety under Kikubaaqudgha
  9986 | D:8      | Killed a two-headed ogre
 10187 | D:8      | Reached XP level 11. HP: 75/83 MP: 17/20
 10517 | D:8      | Reached *** piety under Kikubaaqudgha
 10517 | D:8      | Identified Kikubaaqudgha's Almanac of Darkness
                  | (Kikubaaqudgha gifted it to you on level 8 of the Dungeon)
 10517 | D:8      | Received a gift from Kikubaaqudgha
 10556 | D:8      | Learned a level 4 spell: Dispel Undead
 10562 | D:8      | Learned a level 5 spell: Borgnjor's Vile Clutch
 10778 | D:8      | Reached skill level 1 in Earth Magic
 11035 | D:8      | Got a polished ring mail
 11256 | D:8      | Identified the +5 ring mail of Protective Custody {rN+ MR+
                  | Str-4 Dex+4} (You found it on level 8 of the Dungeon)
 11276 | D:9      | Reached skill level 2 in Earth Magic
 11412 | D:9      | Found a burning altar of Makhleb.
 11472 | D:9      | Reached skill level 5 in Necromancy
 11472 | D:9      | Reached skill level 3 in Earth Magic
 11583 | D:9      | Reached skill level 4 in Earth Magic
 11795 | D:9      | Found a blossoming altar of Fedhas.
 11852 | D:9      | Found a radiant altar of Vehumet.
 11859 | D:9      | Reached **** piety under Kikubaaqudgha
 11876 | D:9      | Found Noutoplu's Antique Armour Emporium.
 11982 | D:9      | Reached skill level 5 in Earth Magic
 12032 | D:9      | Found a staircase to the Orcish Mines.
 12034 | D:9      | Reached skill level 6 in Earth Magic
 12100 | D:10     | Entered Level 10 of the Dungeon
 12162 | D:10     | Noticed a manticore
 12167 | D:10     | Found a runed translucent door.
 12265 | D:10     | Got a bloodstained ring mail
 12276 | D:10     | Identified the cursed +1 ring mail "Efauc" {Int+3 Dex+2}
                  | (You found it on level 10 of the Dungeon)
 12358 | D:10     | Identified the +4 scimitar "Uromp" {antimagic, rC+}
 12358 | D:10     | Noticed a tengu warrior
 12359 | D:10     | Noticed Cykl0x's ghost (journeyman FoFi)
 12360 | D:10     | Noticed a moth of wrath
 12361 | D:10     | Found a transporter.
 12362 | D:10     | Found a bloodstained altar of Trog.
 12374 | D:10     | Identified the cursed +1 giant club of Wounding {venom,
                  | +Inv rC- Int+2}
 12374 | D:10     | Noticed a two-headed ogre
 12435 | D:10     | Found a transporter.
 12586 | D:10     | Found a staircase to the Lair.
 12811 | D:10     | Reached skill level 7 in Earth Magic
 12817 | D:10     | Killed a manticore
 12939 | D:10     | Reached XP level 12. HP: 74/89 MP: 2/21
 13053 | D:10     | Reached skill level 8 in Earth Magic
 13115 | D:10     | Got a brightly glowing arbalest
 13175 | D:10     | Identified the cursed +1 arbalest "Gamircho" {vorpal, Str+4
                  | Int+4 Dex-3} (You found it on level 10 of the Dungeon)
 13450 | D:10     | Killed a two-headed ogre
 13482 | D:10     | Killed a tengu warrior
 13482 | D:10     | Reached skill level 9 in Earth Magic
 13596 | D:10     | Killed Cykl0x's ghost
 13596 | D:10     | Reached skill level 10 in Earth Magic
 13669 | Orc:1    | Entered Level 1 of the Orcish Mines
 13684 | Orc:1    | Reached skill level 1 in Shields
 13741 | Orc:1    | Reached ***** piety under Kikubaaqudgha
 14250 | Orc:1    | You fall into a shaft and drop 1 floor!
 14250 | Orc:2    | Entered Level 2 of the Orcish Mines
 14394 | Orc:2    | Found a staircase to the Elven Halls.
 14414 | Orc:2    | Reached skill level 5 in Shields
 14476 | Orc:2    | Noticed a two-headed ogre
 14522 | Orc:2    | Noticed an ettin
 14524 | Orc:2    | Killed a two-headed ogre
 14529 | Orc:2    | Killed an ettin
 14529 | Orc:2    | Noticed a two-headed ogre
 14533 | Orc:2    | Noticed a deep troll
 14535 | Orc:2    | Reached XP level 13. HP: 67/95 MP: 11/22
 14661 | Orc:2    | Reached skill level 11 in Earth Magic
 14674 | Orc:2    | Noticed an ettin
 14689 | Orc:2    | Killed an ettin
 14755 | Orc:2    | Noticed an orc warlord
 14900 | Orc:1    | Killed an orc warlord
 15342 | Orc:2    | Found Koloafas's Food Boutique.
 15346 | Orc:2    | Found Udier's Assorted Antiques.
 15356 | Orc:2    | Found Quxzuipt's Antique Armour Emporium.
 15434 | Orc:2    | Bought a purple potion for 25 gold pieces
 15434 | Orc:2    | Bought a pair of crude gloves for 266 gold pieces
 15434 | Orc:2    | Bought a fizzy pink potion for 25 gold pieces
 15444 | Orc:2    | Identified the +1 pair of gloves of Leaves {Stlth+} (You
                  | bought it in a shop on level 2 of the Orcish Mines)
 15447 | Orc:2    | Found Kuhoptil's Food Boutique.
 15757 | D:4      | Killed groda1's ghost
 15968 | D:11     | Noticed a five-headed hydra
 15974 | D:11     | Killed a five-headed hydra
 15981 | D:11     | Reached XP level 14. HP: 106/106 MP: 12/26
 16598 | D:12     | Reached ****** piety under Kikubaaqudgha
 16618 | D:12     | Found a portal to a secret trove of treasure.
 16700 | D:12     | Noticed DungeonDestroyer's ghost (journeyman GnFi)
 16700 | D:12     | Noticed a lich
 16724 | D:12     | Noticed Fannar
 16732 | D:12     | Killed Fannar
 16830 | D:12     | Found a runed translucent door.
 16835 | D:12     | Found a runed translucent door.
 17013 | D:12     | Found Faehuywk's Gadget Shoppe.
 17029 | D:12     | Found Duankarr's Book Shoppe.
 17204 | D:12     | Found Kaer's Gadget Shop.
 17561 | D:13     | Learned a level 6 spell: Statue Form
 17768 | D:13     | Noticed Urug
 17781 | D:13     | Killed Urug
 17781 | D:13     | Reached skill level 10 in Armour
 17781 | D:13     | Reached skill level 1 in Transmutations
 17802 | D:13     | Reached skill level 10 in Fighting
 17816 | D:13     | Noticed Rupert
 17828 | D:13     | Killed Rupert
 17845 | D:13     | Reached skill level 10 in Spellcasting
 17889 | D:13     | Found a gate to the Vaults.
 18511 | D:14     | Reached XP level 15. HP: 110/115 MP: 15/29
 18641 | D:14     | Reached skill level 12 in Earth Magic
 18648 | D:14     | Found a basalt altar of Yredelemnul.
 19003 | D:15     | Entered Level 15 of the Dungeon
 19132 | D:15     | Reached skill level 5 in Transmutations
 19445 | D:15     | Found a staircase to the Depths.
 20047 | D:15     | Reached skill level 13 in Earth Magic
 20368 | Lair:1   | Entered Level 1 of the Lair of Beasts
 21312 | Lair:2   | Found a runed translucent gate.
 21758 | Lair:2   | Noticed Cykl0x's ghost (adept FoFi)
 21775 | Lair:2   | Found a runed translucent gate.
 21775 | Lair:2   | Found a runed translucent gate.
 22167 | Lair:2   | Killed Cykl0x's ghost
 22308 | Lair:3   | Found a hole to the Spider Nest.
 22325 | Lair:3   | Reached XP level 16. HP: 122/122 MP: 8/32
 22354 | Lair:3   | Found a staircase to the Swamp.
 22568 | Lair:3   | Reached skill level 14 in Earth Magic
 23793 | Lair:5   | Reached skill level 15 in Earth Magic
 23895 | Lair:5   | Found a viscous altar of Jiyva.
 23895 | Lair:5   | Found a staircase to the Slime Pits.
 24259 | Lair:5   | Identified a scroll of acquirement
 24262 | Lair:5   | Acquired a +1 tower shield of protection
 24415 | Lair:6   | Entered Level 6 of the Lair of Beasts
 24563 | Lair:6   | Reached skill level 10 in Shields
 24611 | Lair:6   | Received a gift from Kikubaaqudgha
 24612 | Lair:6   | Fell from the grace of Kikubaaqudgha
 24857 | Temple   | Became a worshipper of Gozag Ym Sagoz the Greedy
 26133 | D:12     | Killed DungeonDestroyer's ghost
 26298 | D:12     | Killed a lich
 26298 | D:12     | Reached XP level 17. HP: 126/128 MP: 15/33
 26332 | D:12     | Identified the Tome of Battle Magic
 26523 | Spider:1 | Entered Level 1 of the Spider Nest
 27009 | Spider:1 | Reached skill level 15 in Shields
 27091 | Spider:1 | Found a runed translucent gate.
 27103 | Spider:1 | Found a runed translucent gate.
 27103 | Spider:1 | Found a runed translucent gate.
 27109 | Spider:1 | Noticed kalagan's ghost (adept GrFi)
 27185 | Spider:1 | Killed kalagan's ghost
 27186 | Spider:1 | Reached skill level 16 in Earth Magic
 28163 | Spider:2 | Found a frozen archway.
 28178 | IceCv    | Entered an ice cave
 29138 | IceCv    | Noticed an Ice Fiend
 29172 | IceCv    | Slain by an Ice Fiend

Illustrated notes

Levels and vault maps discovered:
D:1:      matt_arrival_grand_opening, layout_basic
D:2:      layout_rooms, old_standard_altar
D:3:      layout_basic, overflow_temple_1_default
D:4:      layout_basic, zin_treasury, lemuel_crystal_altar,
          gup_sewer_entry_glass, gammafunk_ghost_smash, minmay_manual_mail
D:5:      layout_gridville, marbit_many_paths, serial_shops, shop, first_ration,
          uniq_menkaure
D:6:      layout_rooms, lemuel_crystal_altar, temple_hall, grunt_potential
D:7:      minmay_thick_lines, layout_basic, kennysheep_little_box,
          lemuel_crystal_altar, serial_shops, shop, grunt_livestock
D:8:      lemuel_ratsnest, layout_loops_cross, special_room [special_room_orc],
          nicolae_ossuary_entry_monument, kennysheep_dice
D:9:      layout_rooms, vehumet_altar_wand_db, kennysheep_mini_moat,
          kennysheep_orc_monster_closet_entryway, serial_shops,
          nicolae_shop_overgrown_old_shop, basic_altar,
          eino_small_chamber_without_monster
D:10:     minmay_the_grid_triangle_9x9_recursive_2
          [minmay_the_grid_triangle_9x9_prize_schism,
          minmay_the_grid_triangle_9x9_subtriangle,
          minmay_the_grid_triangle_9x9_windchime,
          minmay_the_grid_triangle_9x9_skeleton], layout_long_grid,
          lair_entry_dummy, gammafunk_ghost_wrathful_warriors,
          kennysheep_flooded_box
D:11:     layout_rooms
D:12:     layout_roguey, serial_shops, shop, kennysheep_mini, shop_statue,
          nicolae_trove_entry_free_sample, muffindrake_ghost_dual_entry,
          grunt_ministairs_8, uniq_fannar
D:13:     layout_roguey, david_vaults_3
D:14:     layout_rooms, lemuel_mausoleum_altar_yredelemnul
D:15:     hangedman_depths_entry_civil_slaughter, layout_cave_pods,
          dk_noncrumbling_2
Temple:   minmay_temple_bridge_abc
Lair:1:   layout_gridlike, mumra_transporter_accident,
          cheibrodos_lair_lostbears, infiniplex_staircase_pool
Lair:2:   layout_regular_city, maelrawn_ghost_gauntlet_escape, st_stairs_10
Lair:3:   layout_loops_ring, minmay_swamp_entry_swarm,
          nicolae_spider_entry_tight_spaces, grunt_megastairs_2
Lair:4:   layout_long_grid, serial_bayou_pond_b
Lair:5:   layout_gridlike, slime_altar_1, chequers_serial_rivers_small_b,
          minmay_lair_oklob_bushes
Lair:6:   grunt_lair_end_beastmaster, layout_gridlike, serial_forest,
          infiniplex_forest_clump_small, infiniplex_forest_clump_diagonal,
          infiniplex_forest_lined_2, infiniplex_forest_clump_small,
          infiniplex_forest_clump_curved, infiniplex_forest_clump_medium,
          infiniplex_forest_split, infiniplex_forest_clump_diagonal,
          infiniplex_forest_straight_4, infiniplex_forest_diagonal, dpeg_oklob_1
Spider:1: layout_spider_delve, gammafunk_ghost_necromancy,
          nicolae_spider_ant_collections
Spider:2: layout_spider_delve, portal_ice_cave_entry_pillars_three
Orc:1:    layout_caves
Orc:2:    st_orc_open, layout_diamond_mine
IceCv:    ice_cave_caverns_01

Skill      XL: |  1  2  3  4  5  6  7  8  9 10 11 12 13 14 15 16 17 |
---------------+----------------------------------------------------+-----
Conjurations   | 1 2 3 4 |  4.0
Poison Magic   | 2 3 |  3.0
Fire Magic     | 1 3 4 5 |  5.0
Air Magic      | 1 2 3 4 |  4.0
Fighting       | 1 4 5 6 8 10 | 10.0
Armour         | 1 4 5 6 8 10 | 10.0
Dodging        | 2 4 5 6 7 |  7.0
Spellcasting   | 4 6 8 10 12 | 12.3
Necromancy     | 1 4 7 9 |  9.0
Earth Magic    | 7 10 11 13 15 16 | 16.7
Shields        | 8 9 13 15 | 15.0
Transmutations | 4 8 |  8.0
Stealth        | |  2.4
Summonings     | |  1.0
Translocations | |  0.8

Action                   |  1- 3 |  4- 6 |  7- 9 | 10-12 | 13-15 | 16-18 || total
-------------------------+-------+-------+-------+-------+-------+-------++-------
Melee: Unarmed           |     7 |       |       |       |       |       ||     7
       Dagger            |     2 |    15 |    84 |   256 |       |       ||   357
       Mace              |       |       |       |    82 |       |       ||    82
       Short sword       |       |       |       |    68 |    29 |       ||    97
       Halberd           |       |       |       |   138 |   557 |   533 ||  1228
       Scimitar          |       |       |       |       |     2 |    13 ||    15
 Fire: Hunting sling     |     8 |    61 |   200 |   312 |       |       ||   581
       Arbalest          |       |       |       |       |     7 |     1 ||     8
 Cast: Magic Dart        |    84 |    84 |   141 |    58 |    39 |       ||   406
       Mephitic Cloud    |       |     6 |    27 |    62 |    16 |    12 ||   123
       Conjure Flame     |       |     3 |    32 |    57 |    32 |    45 ||   169
       Borgnjor's Vile C |       |       |       |    39 |   176 |   161 ||   376
       Dispel Undead     |       |       |       |    13 |    11 |    27 ||    51
       Sublimation of Bl |       |       |       |    30 |    39 |    26 ||    95
       Vampiric Draining |       |       |       |     1 |     8 |       ||     9
       Statue Form       |       |       |       |       |       |     6 ||     6
Invok: Receive Necronomi |       |       |       |       |       |     1 ||     1
       Renounce Religion |       |       |       |       |       |     1 ||     1
 Abil: Dig               |     2 |     9 |    32 |    31 |    21 |    13 ||   108
  Use: Scroll            |       |     1 |     3 |    15 |     7 |    16 ||    42
       Potion            |       |       |       |       |       |     2 ||     2
 Stab: Confused          |       |       |     2 |    12 |     7 |     1 ||    22
       Sleeping          |       |       |       |       |     8 |     3 ||    11
       Distracted        |       |       |       |       |       |     1 ||     1
  Eat: Chunk             |     3 |     6 |    13 |    30 |    37 |    10 ||    99
       Ration            |       |       |     2 |     1 |     1 |     6 ||    10
Armor: Robe              |     4 |     2 |    24 |    20 |       |       ||    50
       Ring mail         |       |       |       |    52 |       |       ||    52
       Troll leather arm |       |       |       |    90 |   151 |   211 ||   452
       Skin              |       |       |       |       |       |   167 ||   167
Dodge: Dodged            |    28 |    19 |   112 |   442 |   359 |   430 ||  1390
Block: Kite shield       |       |       |       |       |   296 |    47 ||   343
       Tower shield      |       |       |       |       |       |   811 ||   811
       Rpst.: Scimitar   |       |       |       |       |       |     2 ||     2
